 Dungeon Crawl Stone Soup version 0.26-a0-651-gb41185065b (webtiles) character file.

Game seed: 16310207117221285589

392 Irenicus the Geomancer (level 6, -1/49 HPs)
             Began as a Deep Dwarf Earth Elementalist on Oct 30, 2020.
             Slain by Menkaure (9 damage)
             ... on level 4 of the Dungeon.
             The game lasted 00:10:50 (1622 turns).

Irenicus the Geomancer (DDEE)                       Turns: 1622, Time: 00:10:50

Health: -1/49      AC:  6    Str: 16 (17) XL:     6   Next: 50%
Magic:  6/8        EV: 11    Int: 16      God:
Gold:   119        SH:  0    Dex: 12 (13) Spells: 5/8 levels left

rFire    . . .     SeeInvis .   d - +2 hand axe (elec)
rCold    . . .     Faith    .   (no shield)
rNeg     . . .     Spirit   .   j - +0 ring mail
rPois    +         Reflect  .   e - +0 helmet
rElec    .         Harm     .   (no cloak)
rCorr    .         Rampage  .   (no gloves)
MR       .....                  (no boots)
Stlth    +.........             (no amulet)
HPRegen  0.00/turn              g - +6 ring of strength
MPRegen  0.11/turn              (no ring)

@: non-regenerating
A: damage resistance, heal wounds, dopey 1, sense surroundings 1, poison
resistance, screaming 1, MP-powered wands, no regeneration
a: Heal Wounds


You were on level 4 of the Dungeon.
You visited 1 branch of the dungeon, and saw 4 of its levels.

You collected 119 gold pieces.

Inventory:

Hand Weapons
 d - a +2 hand axe of electrocution (weapon)
   (You found it on level 1 of the Dungeon)
Missiles
 b - 165 stones (quivered)
Armour
 e - a +0 helmet (worn)
   (You found it on level 1 of the Dungeon)
 i - a +0 buckler
   (You found it on level 3 of the Dungeon)
 j - a +0 ring mail (worn)
   (You found it on level 2 of the Dungeon)
Jewellery
 g - a +6 ring of strength (left hand)
   (You found it on level 1 of the Dungeon)
Scrolls
 a - a scroll of immolation {unknown}
 o - a scroll of fear {unknown}
Potions
 c - a potion of mutation {!q}


   Skills:
 - Level 2.1 Dodging
 - Level 2.4 Stealth
 - Level 1.7 Spellcasting
 - Level 0.8 Transmutations
 + Level 9.7 Earth Magic


You had 5 spell levels left.
You knew the following spells:

 Your Spells              Type           Power        Failure   Level
a - Sandblast             Erth           ####..       1%          1
w - Passwall              Tmut/Erth      ###.....     7%          2

Your spell library contained the following spells:

 Spells                   Type           Power        Failure   Level
 Stone Arrow              Conj/Erth      ###...       17%         3
 Lee's Rapid Deconstruct  Erth           ####......   21%         5
 Petrify                  Tmut/Erth      ###.....     41%         4


Dungeon Overview and Level Annotations

Branches:
Dungeon (4/15)
 Temple: D:4-7

Altars:
Ashenzari
Fedhas
Nemelex Xobeh
Qazlal
Uskayaw
Yredelemnul
The Shining One

Portals:
Sewer: D:4

Annotations:
D:4 Menkaure


Innate Abilities, Weirdness & Mutations

You are resistant to damage.
You can heal yourself by infusing magical energy.
You passively map a small area around you.
You do not regenerate.
You are dopey. (Int -2)
Your system is resistant to poisons. (rPois)
You occasionally shout uncontrollably at your foes.
You expend magic power (3 MP) to strengthen your wands.


Message History

The floor, spattered with blood.
Your target is gone.
The goblin unwields a +0 dagger.
The goblin wields a +0 hunting sling.
The goblin shoots a stone.
The stone barely misses you.
Items here: ( )) †††.
You aren't carrying any items that you can evoke.
Okay, then.
Really quaff
p - a potion of berserk rage {!q}?
A red film seems to cover your vision as you go berserk!
You feel yourself moving faster!
You feel mighty!
The goblin no longer looks unusually strong.
The goblin shoots a stone.
The stone hits you.
* * * LOW HITPOINT WARNING * * *
A quokka comes into view.
You now have 7/73 hp.
You feel a strong urge to attack something.
The goblin no longer looks unusually strong.
You slash the goblin! Lightning courses through the goblin!!
You kill the goblin!
You slash the goblin!
You kill the goblin!
Your ring mail prevents you from hitting the goblin.
The goblin no longer looks unusually strong.
The goblin hits you but does no damage.
You slash the goblin!
You kill the goblin!
The quokka bites you.
* * * LOW HITPOINT WARNING * * *
Items here: ( ))))))) [[ †.
You take 3 damage, and have 4/73 hp.
You slice the quokka!!
You kill the quokka!
You feel a strong urge to attack something.
You are no longer berserk.
You pass out from exhaustion.
You feel yourself slow down.
You can move again.
b - 117 stones (gained 17)
Items here: ))))))) [[ †.
You now have 2/49 hp.
b - 141 stones (gained 24)
Items here: )) †††.
b - 142 stones (gained 1)
Items here: )) †††.
Items here: ))))))) [[ †.
You hear the slow rusting of a distant drain.
You now have 119 gold pieces (gained 15).
You feel yourself speed up.
b - 167 stones (gained 25)
You recover from your berserk rage.
Found a stone staircase leading up.
Casting: Sandblast (safe; 1% risk of failure)
Confirm with . or Enter, or press ? or * to list all spells.
Press: ? - help, Dir - move target cursor A rock wall.
Something is blocking your path through the rock.
Unknown command.
MP restored: 8 You see here a potion of mutation {!q}.
c - a potion of mutation {!q}
Found a stone staircase leading down.
You open the gate.
There is an open gate here.
Found a sparkling altar of Nemelex Xobeh.
You hear the rusting of a distant drain.
There is a sparkling altar of Nemelex Xobeh here.
You open the gate.
There is an open gate here.
Okay, then.
Menkaure, Prince of Dust comes into view.
Menkaure shouts!
Menkaure mumbles some strange words.
Menkaure seems to speed up.
You feel much better. Menkaure casts a spell at you.
Pain shoots through your body!
* * * LOW HITPOINT WARNING * * *
You regained 10 hp, and now have 12/49 hp.
Casting: Passwall (safe; 7% risk of failure)
Confirm with . or Enter, or press ? or * to list all spells.
Aiming: Sandblast (safe; 1% risk of failure)
Press: ? - help, Shift-Dir - straight line, f - Menkaure
Aim: Menkaure (fast)
The blast of sand hits Menkaure!
Menkaure is heavily damaged.
b - 166 stones Menkaure calls on the powers of darkness!
Your body is wracked with pain!
* * * LOW HITPOINT WARNING * * *
You take 4 damage, and have 8/49 hp.
You now have 7/8 mp.
Casting: Sandblast (safe; 1% risk of failure)
Confirm with . or Enter, or press ? or * to list all spells.
Aiming: Sandblast (safe; 1% risk of failure)
Press: ? - help, Shift-Dir - straight line, f/p - Menkaure
Aim: Menkaure (heavily damaged, fast)
The blast of sand hits Menkaure but does no damage.
Menkaure is heavily damaged.
b - 165 stones Menkaure hits you!
You die...

#...########,,,,,,,,*,,,*,,,*
#...#....○##,,,.*..,+,,,+,,,*
#.⌠.#.°...##,,,.#..,*,,,*,,**
#...#○§§§.##,,,...#**,_,****
#...#○.§☼.##,,,#..# ****,*
#...#○§☼○.##***#..# *,***
#...######## #..## ***
.._.......⌠# #M..#
#...######## #@#,*
#...#○.§§○######.#.#
#...#§§○☼.##.......#
#...#§§§§§##.#######
#.⌠.#○§§○§##.# #...#.§§§.##.#
#...########.# #'''########.#
#............#


You could see Menkaure (fast).

Vanquished Creatures
  A hound (D:4)
  2 orc priests
  3 orc wizards
  Terence (D:3)
  Robin (D:4)
  A gnoll (D:1)
  4 adders
  3 oozes
  4 worms
  2 dart slugs
  5 leopard geckos
  10 orcs
  3 bats (D:1)
  22 goblins
  8 hobgoblins
  2 quokkas (D:4)
  3 ball pythons
  4 frilled lizards
  13 kobolds
  11 rats
103 creatures vanquished.

Vanquished Creatures (others)
  A fungus (D:2)
  4 plants (D:2)
5 creatures vanquished.

Grand Total: 108 creatures vanquished

Notes
Turn   | Place    | Note
-------+----------+-------------------------------------------
     0 | D:1      | Irenicus the Deep Dwarf Earth Elementalist began the quest
                  | for the Orb.
     0 | D:1      | Reached XP level 1. HP: 15/15 MP: 3/3
    48 | D:1      | Reached XP level 2. HP: 22/22 MP: 0/4
    70 | D:1      | Reached skill level 5 in Earth Magic
   219 | D:1      | Reached XP level 3. HP: 20/28 MP: 0/5
   492 | D:1      | Reached skill level 6 in Earth Magic
   570 | D:2      | Found a stormy altar of Qazlal.
   578 | D:2      | Found a blossoming altar of Fedhas.
   648 | D:2      | Found a glowing golden altar of the Shining One.
   673 | D:2      | Found a broken altar of Ashenzari.
   733 | D:2      | Learned a level 2 spell: Passwall
   781 | D:2      | Found a basalt altar of Yredelemnul.
   786 | D:2      | Reached XP level 4. HP: 26/36 MP: 0/6
   912 | D:3      | Reached skill level 7 in Earth Magic
   991 | D:3      | Noticed Terence
  1003 | D:3      | Killed Terence
  1003 | D:3      | Reached XP level 5. HP: 22/42 MP: 0/7
  1312 | D:3      | HP: 9/42 [orc priest/+0 club (2)]
  1317 | D:3      | Reached skill level 8 in Earth Magic
  1380 | D:4      | Reached XP level 6. HP: 16/49 MP: 0/8
  1384 | D:4      | HP: 4/49 [orc/+1 hand axe of electrocution (14)]
  1386 | D:4      | Reached skill level 9 in Earth Magic
  1416 | D:4      | Gained mutation: You are dopey. (Int -2) [potion of
                  | mutation]
  1416 | D:4      | Gained mutation: You expend magic power (3 MP) to
                  | strengthen your wands. [potion of mutation]
  1416 | D:4      | Gained mutation: You occasionally shout uncontrollably at
                  | your foes. [potion of mutation]
  1416 | D:4      | Gained mutation: Your system is resistant to poisons.
                  | (rPois) [potion of mutation]
  1422 | D:4      | HP: 12/49 [orc/+0 whip (1)]
  1423 | D:4      | HP: 5/49 [orc wizard/puff of flame (6)]
  1447 | D:4      | Found a glowing drain.
  1466 | D:4      | Noticed a +0 hand axe
  1466 | D:4      | Noticed a +0 dagger
  1470 | D:4      | Found a hide-covered altar of Uskayaw.
  1495 | D:4      | Noticed Robin
  1507 | D:4      | Killed Robin
  1509 | D:4      | HP: 7/73 [goblin/stone[Robin] (1)]
  1515 | D:4      | HP: 4/73 [quokka (3)]
  1583 | D:4      | Found a sparkling altar of Nemelex Xobeh.
  1617 | D:4      | Noticed Menkaure
  1619 | D:4      | HP: 12/49 [Menkaure/nerve-wracking pain (2)]
  1622 | D:4      | Slain by Menkaure

Illustrated notes

Levels and vault maps discovered:
D:1:      grunt_arrival_lava_bath, layout_loops_ring, hex_tiny,
          minmay_close_crescents
D:2:      layout_basic, grunt_temple_overflow_forces_of_nature,
          lemuel_round_altar, lemuel_coloured_pillars_altar, tso_oasis_becter
D:3:      layout_loops_ring, uniq_terence
D:4:      layout_rooms, grunt_temple_overflow_order_and_chaos_2,
          dancing_weapons_uskayaw, nemelex_altar_shiori, portal_sewer_entry_a,
          item_on_display_a, uniq_menkaure, uniq_robin

Skill      XL: |  1  2  3  4  5  6 |
---------------+-------------------+-----
Earth Magic    | 5 6 7 8 9 |  9.7
Dodging        | |  2.1
Stealth        | |  2.4
Spellcasting   | |  1.7
Transmutations | |  0.8

Action                   |  1- 3 |  4- 6 || total
-------------------------+-------+-------++-------
Melee: Club              |     2 |       ||     2
       Hand axe          |    27 |    68 ||    95
 Cast: Sandblast         |    35 |    62 ||    97
       Passwall          |     2 |     3 ||     5
 Abil: Heal Wounds       |       |     1 ||     1
  Use: Potion            |       |     7 ||     7
       Scroll            |       |     6 ||     6
Armor: Robe              |     3 |       ||     3
       Ring mail         |     2 |    37 ||    39
       Skin              |       |    15 ||    15
Dodge: Dodged            |    41 |    57 ||    98

Table legend: (Time is in decaauts)
 A = Elapsed time spent in this place.
 B = Non-inter-level travel time spent in this place.
 C = Inter-level travel time spent in this place.
 D = Time resting spent in this place.
 E = Time spent auto-exploring this place.
 F = Levels seen in this place.
 G = Mean time per level.
                   A        B        C        D        E       F      G
               +--------+--------+--------+--------+--------+-----+--------+
         Total |   1656 |   1510 |    146 |      0 |      0 |   4 |  414.0 |
       Dungeon |   1656 |   1510 |    146 |      0 |      0 |   4 |  414.0 |
               +--------+--------+--------+--------+--------+-----+--------+

Top non-repeatable levels by time:
     D:1: 561 daAuts
     D:3: 463 daAuts
     D:2: 348 daAuts
     D:4: 283 daAuts

Table legend:
 A = Kills in this place as a percentage of kills in entire the game.
 B = Kills by you in this place as a percentage of kills by you in the entire game.
 C = Kills by friends in this place as a percentage of kills by friends in the entire game.
 D = Other kills in this place as a percentage of other kills in the entire game.
 E = Experience gained in this place as a percentage of experience gained in the entire game.
 F = Experience gained in this place divided by the number of levels of this place that you have seen.
                   A       B       C       D       E      F
               +-------+-------+-------+-------+-------+----------------------
         Total | 100.0 | 100.0 |   N/A |   N/A | 100.0 | 140.0
       Dungeon | 100.0 | 100.0 |   N/A |   N/A | 100.0 | 140.0
               +-------+-------+-------+-------+-------+----------------------
